 Dungeon Crawl Stone Soup version 0.28-a0-983-g1de4e0787c (webtiles) character file.

Game seed: 14846605391661990419

65 JazzKraken the Skirmisher (level 4, -1/37 HPs)
             Began as a Human Fighter on Dec 2, 2021.
             Succumbed to an orc's poison
             ... on level 3 of the Dungeon.
             The game lasted 00:08:17 (2481 turns).

JazzKraken the Skirmisher (Human Fighter)           Turns: 2481, Time: 00:08:18

Health: -1/37      AC:  6    Str: 18    XL:     4   Next: 35%
Magic:  3/4        EV: 11    Int:  9    God:
Gold:   186        SH:  4    Dex: 12    Spells: 2/3 levels left

rFire   . . .      SeeInvis .   a - +0 long sword
rCold   . . .      Faith    .   c - +0 buckler
rNeg    . . .      Spirit   .   e - +2 leather armour {Will+}
rPois   .          Reflect  .   (no helmet)
rElec   .          Harm     .   (no cloak)
rCorr   .          Rampage  .   (no gloves)
Will    +....                   i - +0 pair of boots
Stlth   +.........              (no amulet)
HPRegen 0.12/turn               (no ring)
MPRegen 0.09/turn               (no ring)

@: lethally poisoned (-1 -> -12)
A: no striking features
a: no special abilities


You were on level 3 of the Dungeon.
You visited 1 branch of the dungeon, and saw 3 of its levels.

You collected 186 gold pieces.

Inventory:

Hand Weapons
 a - a +0 long sword (weapon)
 g - a +1 dagger of distortion
 l - a +1 dagger of protection
Missiles
 h - an atropa-tipped dart (quivered)
 n - 19 sling bullets
Armour
 b - a +0 scale mail
 c - a +0 buckler (worn)
 e - a +2 leather armour of willpower (worn)
 i - a +0 pair of boots (worn)
 m - a +0 buckler
 o - a +0 chain mail
Potions
 d - a potion of might
 j - a potion of brilliance {unknown}
 p - a potion of mutation {unknown}


   Skills:
 + Level 3.7 Fighting
 + Level 2.7 Long Blades
 + Level 0.8 Throwing
 + Level 3.3 Armour
 + Level 0.2 Dodging
 + Level 3.1 Shields
 + Level 0.1 Spellcasting


You had 2 spell levels left.
You knew the following spells:

 Your Spells              Type           Power      Damage    Failure   Level
a - Sting                 Tmut/Pois      0%         1d3       47%         1

Your spell library contained the following spells:

 Spells                   Type           Power      Damage    Failure   Level
 Tukima's Dance           Hex            0%         N/A       85%         3
 Passage of Golubria      Tloc           0%         N/A       99%         4
 Yara's Violent Unravell  Hex/Tmut       0%         3d3       100%        5


Dungeon Overview and Level Annotations

Branches:
Dungeon (3/15)

Altars:
Zin


Message History

You throw an atropa-tipped dart.
The atropa-tipped dart barely misses the orc.
The orc priest mumbles some strange prayers to Beogh against you.
Beogh smites you!
* * * LOW HITPOINT WARNING * * *
You feel better.
Unknown command.
You barely miss the orc. You block the orc's attack.
You barely miss the orc. The orc completely misses you.
You closely miss the orc. You block the orc's attack.
The orc hits you with a +1 whip of venom.
You are poisoned.
Sorry, you're not good enough to have a special ability.
Casting: Sting (safe; 47% risk of failure)
Confirm with . or Enter, or press ? or * to list all spells.
Aiming: Sting (safe; 47% risk of failure)
Press: ? - help, Shift-Dir - straight line, f/p - orc
Aim: an orc, wielding a +1 whip of venom, wearing a +0 leather armour and quivering boomerangs (64% to hit)
The sting hits the orc but does no damage.
The orc is poisoned.
You feel sick. The orc closely misses you.
You hit the orc.
The orc is moderately wounded.
You feel sick.
The orc hits you with a +1 whip of venom.
* * * LOW HITPOINT WARNING * * *
You completely miss the orc.
The orc is moderately wounded.
You feel sick.
The orc hits you with a +1 whip of venom.
* * * LOW HITPOINT WARNING * * *
You are lethally poisoned!
You hit the orc but do no damage.
The orc is heavily wounded.
* * * LOW HITPOINT WARNING * * *
You feel very sick.
The orc priest looks encouraged for a moment.
The orc barely misses you.
You slash the orc!
You kill the orc!
You die...

#####. #...####### .#..
......###.........###.#.
#.>...()..........##.#.
#.####.#....#......#.#.
#.#..#............
#.##.o.#......###.
#o###.o.#....####.
#)#####รท#.#.##....
#@##........##.###
#.##........##.# #
#.##........##.###
#...........##.##.
####.......###.##.
###.........####'
#...........##8..
....##......####... ####
#......# ###.


You could see an orc priest.

Vanquished Creatures
  2 adders (D:3)
  A worm (D:2)
  3 orcs (D:3)
  6 bats
  2 endoplasms (D:1)
  5 giant cockroaches
  4 goblins
  A hobgoblin (D:1)
  3 quokkas (D:1)
  5 ball pythons
  A frilled lizard (D:1)
  4 kobolds
  2 rats
39 creatures vanquished.

Vanquished Creatures (others)
  A fungus (D:1)
1 creature vanquished.

Grand Total: 40 creatures vanquished

Notes
Turn   | Place    | Note
-------+----------+-------------------------------------------
     0 | D:1      | JazzKraken the Human Fighter began the quest for the Orb.
     0 | D:1      | Reached XP level 1. HP: 18/18 MP: 1/1
    29 | D:1      | Found a faded altar of an unknown god.
   204 | D:1      | Got Plato's Grimoire of Transformation
   299 | D:1      | Reached XP level 2. HP: 24/24 MP: 2/2
   688 | D:1      | Reached XP level 3. HP: 29/29 MP: 3/3
   737 | D:1      | HP: 1/29 [goblin (15)]
  1568 | D:2      | Learned a level 1 spell: Sting
  2009 | D:3      | Found a glowing silver altar of Zin.
  2009 | D:3      | Noticed an angel
  2058 | D:3      | Reached XP level 4. HP: 8/35 MP: 2/4
  2481 | D:3      | Succumbed to an orc's poison

Illustrated notes

Levels and vault maps discovered:
D:1:      zelgadis_glass_arrival_small, layout_loops_ring,
          shapermc_ecumenical_altar_rom_forum, hangedman_decor_lopped,
          minmay_pentomino_o2
D:2:      layout_basic
D:3:      layout_loops_ring, zin_angel

Action                   |  1- 3 |  4- 6 || total
-------------------------+-------+-------++-------
Melee: Long sword        |   123 |    19 ||   142
Throw: Dart              |     2 |     1 ||     3
 Cast: Sting             |     2 |     2 ||     4
  Use: Scroll            |     1 |     1 ||     2
       Potion            |       |     1 ||     1
Armor: Scale mail        |    86 |       ||    86
       Leather armour    |    24 |     5 ||    29
Dodge: Dodged            |    91 |    12 ||   103
Block: Buckler           |    44 |     9 ||    53

Table legend: (Time is in decaauts)
 A = Elapsed time spent in this place.
 B = Non-inter-level travel time spent in this place.
 C = Inter-level travel time spent in this place.
 D = Time resting spent in this place.
 E = Time spent auto-exploring this place.
 F = Levels seen in this place.
 G = Mean time per level.
                   A        B        C        D        E       F      G
               +--------+--------+--------+--------+--------+-----+--------+
         Total |   2524 |   2524 |      0 |    718 |    976 |   3 |  841.3 |
       Dungeon |   2524 |   2524 |      0 |    718 |    976 |   3 |  841.3 |
               +--------+--------+--------+--------+--------+-----+--------+

Top non-repeatable levels by time:
     D:1: 1400 daAuts
     D:2: 624 daAuts
     D:3: 499 daAuts
